 Dungeon Crawl Stone Soup version 0.20.0-8-g6b59dc7 (webtiles) character file.

26 stringdemon the Insei (level 3, -2/17 HPs)
             Began as a Vine Stalker Transmuter on May 30, 2017.
             Succumbed to Gorglomux's ghost's poison
             ... on level 3 of the Dungeon.
             The game lasted 00:05:44 (1502 turns).

stringdemon the Insei (Vine Stalker Transmuter)     Turns: 1502, Time: 00:05:44

Health: -2/17      AC:  2    Str: 12    XL:     3   Next: 8%
Magic:  0/7        EV: 12    Int: 14    God:
Gold:   56         SH:  0    Dex: 14    Spells: 3/6 levels left

rFire    . . .     SeeInvis .     - Unarmed
rCold    . . .     Gourm    .   (no shield)
rNeg     . . .     Faith    .   b - +0 robe
rPois    .         Spirit   +   (no helmet)
rElec    .         Reflect  .   (no cloak)
rCorr    .         Harm     .   (no gloves)
MR       .....                  (boots currently unavailable)
Stlth    +.........             (no amulet)
Regen    0.1/turn               (no ring)
MPRegen  0.1/turn               (no ring)

@: lethally poisoned (-2 -> -44), appendage (expiring)
A: fangs 2, talons 3, magic shield, antimagic bite, no potion heal 3, rot
immunity
a: End Transformation


You were on level 3 of the Dungeon.
You were not hungry.
You had grown temporary talons.
You visited 1 branch of the dungeon, and saw 3 of its levels.

You collected 56 gold pieces.

Inventory:

Missiles
 a - 23 arrows
Armour
 b - a +0 robe (worn)
Scrolls
 e - a scroll of fear
Books
 c - a book of Changes

   Spells                             Type                      Level
   a - Beastly Appendage              Transmutation                1
   b - Sticks to Snakes               Transmutation                2
   c - Spider Form                    Transmutation/Poison         3
   d - Ice Form                       Ice/Transmutation            4
   e - Blade Hands                    Transmutation                5
Comestibles
 d - 2 bread rations


   Skills:
 - Level 0.8 Fighting
 - Level 1.5 Dodging
 + Level 4.1 Unarmed Combat
 - Level 2.1 Spellcasting
 - Level 2.0 Transmutations


You had 3 spell levels left.
You knew the following spells:

 Your Spells              Type           Power        Failure   Level  Hunger
a - Beastly Appendage     Tmut           #.....       11%         1    #......
b - Sticks to Snakes      Tmut           #.......     16%         2    ###....


Dungeon Overview and Level Annotations

Branches:
Dungeon (3/15)

Altars:

Annotations:
D:2 Sigmund
D:3 Gorglomux's ghost, amateur CeFE


Innate Abilities, Weirdness & Mutations

You have extremely sharp teeth.
When hurt, damage is shared between your health and your magic reserves.
Your bite disrupts and absorbs the magic of your enemies.
Potions cannot restore your health.
You are immune to rotting.
You have claws for feet.


Message History

* * * LOW HITPOINT WARNING * * *
You feel sick.
The giant cockroach waves its antennae.
The giant cockroach closely misses you. Gorglomux's ghost hits you.
* * * LOW HITPOINT WARNING * * *
You are more poisoned.
You hit Gorglomux's ghost but do no damage.
You claw Gorglomux's ghost.
Gorglomux's ghost is moderately damaged.
* * * LOW HITPOINT WARNING * * *
You feel sick. The giant cockroach closely misses you.
Gorglomux's ghost hits you.
* * * LOW HITPOINT WARNING * * *
You are more poisoned.
The giant cockroach barely misses you.
Unknown command.
You barely miss Gorglomux's ghost.
You claw Gorglomux's ghost, but do no damage.
Gorglomux's ghost is moderately damaged.
You die...

## #.
######.
...(..s##
......W@#
......###
.....
(... ...
(. .


You could see Gorglomux's ghost and a giant cockroach.

Vanquished Creatures
  A dart slug (D:2)
  3 leopard geckos (D:1)
  3 bats
  2 goblins
  3 hobgoblins
  A kobold (D:1)
  A frilled lizard (D:1)
  7 rats
21 creatures vanquished.

Notes
Turn   | Place    | Note
-------+----------+-------------------------------------------
     0 | D:1      | stringdemon the Vine Stalker Transmuter began the quest for the Orb.
     0 | D:1      | Reached XP level 1. HP: 9/9 MP: 4/4
   219 | D:1      | Reached XP level 2. HP: 10/14 MP: 6/6
   226 | D:1      | Learned a level 2 spell: Sticks to Snakes
   926 | D:2      | Reached skill level 4 in Unarmed Combat
   946 | D:2      | Reached XP level 3. HP: 17/17 MP: 7/7
   966 | D:2      | Noticed Sigmund
  1487 | D:3      | Noticed Gorglomux's ghost (amateur CeFE)
  1502 | D:3      | Succumbed to Gorglomux's ghost's poison

Skill      XL: |  1  2 |
---------------+-------+-----
Unarmed Combat | 4 |  4.1
Fighting       | |  0.8
Dodging        | |  1.5
Spellcasting   | |  2.1
Transmutations | |  2.0

Action                   || total
-------------------------++-------
Melee: Unarmed           ||    66
       Bite              ||    17
       Kick              ||     6
       Headbutt          ||     3
Throw: Javelin           ||     2
 Cast: Beastly Appendage ||     6
       Sticks to Snakes  ||     3
  Use: Potion            ||     7
       Scroll            ||     3
  Eat: Royal jelly       ||     1
       Chunk             ||     1
Armor: Robe              ||     7
Dodge: Dodged            ||    45
